WCHLSIM.com - West Coast Hockey League
html PUBLIC "-//W3C//DTD XHTML 1.0 Transitional//EN" "http://www.w3.org/TR/xhtml1/DTD/xhtml1-transitional.dtd"> WCHL - Game 266 - ANAHEIM OUTLAWS vs OKANAGAN RATTLESNAKES

ANAHEIM OUTLAWS vs OKANAGAN RATTLESNAKES

Created - 19 novembre 2022 at 21:01

Goals
1 2 3 T
ANAHEIM OUTLAWS 3 0 1 4
OKANAGAN RATTLESNAKES 1 0 0 1
Shots
1 2 3 T
ANAHEIM OUTLAWS 15 3 10 28
OKANAGAN RATTLESNAKES 7 5 6 18

1st period

1. ANAHEIM OUTLAWS , Evgeny Kuznetsov 6 (Kevin Fiala 8, Adrian Kempe 7) at 0:34
2. ANAHEIM OUTLAWS , Adrian Kempe 10 (Evgeny Kuznetsov 15, Noah Hanifin 5) at 6:17 (PP)
3. ANAHEIM OUTLAWS , Michael Bunting 5 (Sam Bennett 14, Morgan Rielly 8) at 13:31 (PP)
4. OKANAGAN RATTLESNAKES , Oskar Sundqvist 2 (T.J. Oshie 7, Anders Lee 4) at 17:32 (PP)

Penalties :
Jordan Eberle (OKA) for Hooking (Minor) at 5:53, Ville Husso (OKA) for Slashing (Minor) at 7:16 - Vince Dunn served the penalty., Oskar Sundqvist (OKA) for Slashing (Minor) at 8:38, Travis Dermott (OKA) for Slashing (Minor) at 11:53, Henri Jokiharju (ANA) for Hooking (Minor) at 15:48, Mattias Ekholm (OKA) for Hooking (Minor) at 17:43

2nd period

No Goal

Penalties :
Thomas Hickey (ANA) for Hooking (Minor) at 2:42, Morgan Rielly (ANA) for Holding (Minor) at 12:42, Michael Bunting (ANA) for High sticking (Minor) at 16:10

3rd period

5. ANAHEIM OUTLAWS , Adrian Kempe 11 (Morgan Rielly 9, Evgeny Kuznetsov 16) at 6:09 (PP)

Penalties :
Ryan Reaves (OKA) for Holding (Minor) at 5:13

Goalie Stats

Robin Lehner (ANA), 17 saves from 18 shots - (0,944), W, 6-4-1, 60:00 minutes
Laurent Brossoit (OKA), 4 saves from 4 shots - (1,000), 13:51 minutes
Ville Husso (OKA), 20 saves from 24 shots - (0,833), L, 4-6-0, 46:09 minutes

Players Stats for ANAHEIM OUTLAWS

Player Name              G  A  P  +/- PIM S  H  SB GA TA FO     MP     PP MP  PK MP  
------------------------------------------------------------------------------------
Adrian Kempe             2  1  3   1  0   5  4  0  0  0  1/1    22:21   4:12   3:20 
Dylan Coghlan            0  0  0   0  0   0  3  0  0  0  0/0    18:38   3:38   3:44 
Evgeny Kuznetsov         1  2  3   1  0   6  0  0  0  0  21/36  23:15   4:12   4:14 
Haydn Fleury             0  0  0   1  0   0  4  0  0  0  0/0    17:54   0:31   1:16 
Henri Jokiharju          0  0  0   0  2   0  1  0  0  0  0/0    22:19   4:09   3:24 
Jack Quinn               0  0  0   0  0   0  0  0  0  0  0/0    12:15   0:00   0:17 
Jeff Skinner             0  0  0   0  0   2  0  1  0  0  1/1    18:13   4:06   1:51 
Kent Johnson             0  0  0   0  0   0  0  0  0  0  0/1     4:58   0:00   0:00 
Kevin Fiala              0  1  1   1  0   3  1  0  0  0  0/0    14:49   0:00   0:00 
Michael Bunting          1  0  1   0  2   4  0  0  0  0  0/0    19:03   4:06   2:42 
Michael Rasmussen        0  0  0   0  0   0  0  0  0  0  2/6     9:10   4:12   0:00 
Morgan Rielly            0  2  2   1  2   2  1  0  0  0  0/0    24:03   4:09   1:57 
Noah Hanifin             0  1  1   0  0   1  3  0  0  0  0/0    24:49   4:09   4:30 
Pierre Engvall           0  0  0   0  0   0  0  0  0  0  0/0    11:58   0:00   0:00 
Pius Suter               0  0  0   0  0   1  1  0  0  0  3/9    11:58   0:00   0:00 
Sam Bennett              0  1  1   0  0   4  0  1  0  0  7/18   19:20   4:06   2:58 
Thomas Hickey            0  0  0   0  2   0  0  0  0  0  0/0    12:14   0:00   0:31 
Zack MacEwen             0  0  0   0  0   0  2  0  0  0  0/0     4:58   0:00   0:00 

Players Stats for OKANAGAN RATTLESNAKES

Player Name              G  A  P  +/- PIM S  H  SB GA TA FO     MP     PP MP  PK MP  
------------------------------------------------------------------------------------
Alexander Wennberg       0  0  0   0  0   4  0  0  0  0  10/16  21:54   2:59   5:01 
Anders Lee               0  1  1  -1  0   1  2  0  0  0  0/1    21:32   4:42   2:53 
Colin White              0  0  0   0  0   1  0  1  0  0  0/0     8:32   0:00   0:10 
Darren Helm              0  0  0   0  0   0  0  0  0  0  0/0     9:15   0:00   0:53 
Eric Robinson            0  0  0   0  0   1  0  0  0  0  0/0     7:48   0:00   0:00 
Jordan Eberle            0  0  0   0  2   1  0  0  0  0  0/4    19:48   2:59   2:56 
Justin Faulk             0  0  0  -1  0   2  1  1  0  0  0/0    24:15   2:13   2:18 
Lars Eller               0  0  0  -1  0   1  0  0  0  0  12/18  13:57   0:00   0:00 
Luke Kunin               0  0  0   0  0   0  1  0  0  0  4/9     7:48   0:00   0:00 
Markus Nutivaara         0  0  0   0  0   0  1  1  0  0  0/0    11:44   0:52   0:11 
Mattias Ekholm           0  0  0  -1  2   0  2  2  0  0  0/0    20:11   0:00   2:35 
Mike Hoffman             0  0  0   0  0   1  0  0  0  0  0/1    16:53   2:59   0:00 
Olli Maatta              0  0  0   0  0   0  2  1  0  0  0/0    23:01   5:10   4:50 
Oskar Sundqvist          1  0  1   0  2   3  0  1  0  0  8/15   17:09   4:42   4:05 
Ryan Reaves              0  0  0   0  2   0  0  0  0  0  0/0     7:47   0:00   0:00 
T.J. Oshie               0  1  1  -1  0   3  0  1  0  0  3/8    18:39   4:42   0:00 
Travis Dermott           0  0  0   0  2   0  0  0  0  0  0/0    17:34   2:36   3:00 
Vince Dunn               0  0  0   0  0   0  2  1  0  0  0/0    23:13   4:31   3:42 

3 Stars

1 - Adrian Kempe (ANA)
2 - Evgeny Kuznetsov (ANA)
3 - Morgan Rielly (ANA)

Power Play

ANAHEIM OUTLAWS - 3 on 6 Attempt(s) - 50,00%
OKANAGAN RATTLESNAKES - 1 on 4 Attempt(s) - 25,00%

Penalty Kill

ANAHEIM OUTLAWS - 3 on 4 Attempt(s) - 75,00% - Score 0 goal in Penalty Kill
OKANAGAN RATTLESNAKES - 3 on 6 Attempt(s) - 50,00% - Score 0 goal in Penalty Kill

Team Stat

ANAHEIM OUTLAWS - Hits : 20 - Faceoff Wins : 35 - Blocked Shots : 2 - Penalty Minutes : 8
OKANAGAN RATTLESNAKES - Hits : 11 - Faceoff Wins : 37 - Blocked Shots : 9 - Penalty Minutes : 12

Official

Referees : Dean Morton and Ian Walsh
Linesman : Matt Brady and Brandon Gawryletz

Game Notes

Laurent Brossoit enters game at 6:09 of 3rd period

Finance

Level 1 -- Attendance: 6000 (100,00%) -- Ticket Income 600 000 $
Level 2 -- Attendance: 5000 (100,00%) -- Ticket Income 300 000 $
Level 3 -- Attendance: 2000 (100,00%) -- Ticket Income 70 000 $
Level 4 -- Attendance: 4000 (100,00%) -- Ticket Income 100 000 $
Luxury Box -- Attendance: 1000 (100,00%) -- Ticket Income 200 000 $
Total Attendance: 18000 (100,00%)
Total Ticket Income: 1 270 000 $
Other Expense: 12 700 $
Total Income: 1 257 300 $

ANAHEIM OUTLAWS

5 vs 5 Forward 
   Center                   Left Wing                Right Wing               Time % Phy DF OF 
 1 Evgeny Kuznetsov         Kevin Fiala              Adrian Kempe             36     1   2  2  
 2 Sam Bennett              Jeff Skinner             Michael Bunting          31     1   2  2  
 3 Pius Suter               Jack Quinn               Pierre Engvall           23     1   2  2  
 4 Michael Rasmussen        Kent Johnson             Zack MacEwen             10     1   2  2  

5 vs 5 Defense 
   Defense                  Defense                                           Time % Phy DF OF 
 1 Morgan Rielly            Haydn Fleury                                      36     1   2  2  
 2 Noah Hanifin             Henri Jokiharju                                   31     1   2  2  
 3 Thomas Hickey            Dylan Coghlan                                     23     1   2  2  
 4 Morgan Rielly            Noah Hanifin                                      10     1   2  2  

PowerPlay Forward 
   Center                   Left Wing                Right Wing               Time % Phy DF OF 
 1 Evgeny Kuznetsov         Michael Rasmussen        Adrian Kempe             55     1   2  2  
 2 Sam Bennett              Jeff Skinner             Michael Bunting          45     1   2  2  

PowerPlay Defense
   Defense                  Defense                                           Time % Phy DF OF 
 1 Morgan Rielly            Dylan Coghlan                                     55     1   2  2  
 2 Noah Hanifin             Henri Jokiharju                                   45     1   2  2  

Penalty Kill 4 Players Forward 
   Center                   Wing                     Time % Phy DF OF 
 1 Evgeny Kuznetsov         Michael Bunting          55     1   2  2  
 2 Sam Bennett              Adrian Kempe             45     1   2  2  

Penalty Kill 4 Players Defense
   Defense                  Defense                  Time % Phy DF OF 
 1 Morgan Rielly            Dylan Coghlan            55     1   2  2  
 2 Noah Hanifin             Henri Jokiharju          45     1   2  2  

Penalty Kill - 3 Players Forward 
   Forward                                           Time % Phy DF OF 
 1 Adrian Kempe                                      55     1   2  2  
 2 Sam Bennett                                       45     1   2  2  

Penalty Kill - 3 Players Defense
   Defense                  Defense                  Time % Phy DF OF 
 1 Morgan Rielly            Dylan Coghlan            55     1   2  2  
 2 Noah Hanifin             Henri Jokiharju          45     1   2  2  

4 vs 4 Forward 
   Center                   Wing                     Time % Phy DF OF 
 1 Evgeny Kuznetsov         Michael Bunting          55     1   2  2  
 2 Sam Bennett              Adrian Kempe             45     1   2  2  

4 vs 4 Defense
   Defense                  Defense                  Time % Phy DF OF 
 1 Morgan Rielly            Dylan Coghlan            55     1   2  2  
 2 Noah Hanifin             Henri Jokiharju          45     1   2  2  

Last Minutes Offensive
   Center                   Left Wing                Right Wing               Defense                  Defense                  
   Evgeny Kuznetsov         Jeff Skinner             Adrian Kempe             Morgan Rielly            Haydn Fleury             

Last Minutes Defensive
   Center                   Left Wing                Right Wing               Defense                  Defense                  
   Sam Bennett              Kevin Fiala              Adrian Kempe             Morgan Rielly            Haydn Fleury             

Goaltenders
Starting : Robin Lehner             
Backup : Lukas Dostal             

Extra Forwards
Normal : Michael Rasmussen, Kent Johnson, Jeff Skinner - PP : Michael Rasmussen, Kent Johnson - PK : Jeff Skinner
Extra Defensemen
Normal : Morgan Rielly, Dylan Coghlan, Noah Hanifin - PP : Morgan Rielly - PK : Dylan Coghlan, Noah Hanifin
Penalty Shots
Evgeny Kuznetsov, Jeff Skinner, Sam Bennett, Adrian Kempe, Michael Bunting
Custom OT Lines Forwards
Evgeny Kuznetsov, Kent Johnson, Sam Bennett, Adrian Kempe, Michael Bunting, Jeff Skinner, Pius Suter, Pierre Engvall, Michael Rasmussen, Jack Quinn
Custom OT Lines Defensemen
Morgan Rielly, Thomas Hickey, Noah Hanifin, Henri Jokiharju, Dylan Coghlan

Scratches
Rocco Grimaldi (Healthy), Ben Gleason (Healthy), Drew Doughty (Bruised Left Arm Injury), Mackenzie Blackwood (Exhaustion)

OKANAGAN RATTLESNAKES

5 vs 5 Forward 
   Center                   Left Wing                Right Wing               Time % Phy DF OF 
 1 Lars Eller               Anders Lee               T.J. Oshie               36     1   2  2  
 2 Alexander Wennberg       Mike Hoffman             Jordan Eberle            31     1   2  2  
 3 Oskar Sundqvist          Darren Helm              Colin White              23     1   2  2  
 4 Luke Kunin               Eric Robinson            Ryan Reaves              10     1   2  2  

5 vs 5 Defense 
   Defense                  Defense                                           Time % Phy DF OF 
 1 Justin Faulk             Mattias Ekholm                                    36     1   2  2  
 2 Vince Dunn               Olli Maatta                                       31     1   2  2  
 3 Markus Nutivaara         Travis Dermott                                    23     1   2  2  
 4 Vince Dunn               Justin Faulk                                      10     1   2  2  

PowerPlay Forward 
   Center                   Left Wing                Right Wing               Time % Phy DF OF 
 1 T.J. Oshie               Anders Lee               Oskar Sundqvist          55     1   2  2  
 2 Alexander Wennberg       Mike Hoffman             Jordan Eberle            45     1   2  2  

PowerPlay Defense
   Defense                  Defense                                           Time % Phy DF OF 
 1 Travis Dermott           Justin Faulk                                      55     1   2  2  
 2 Vince Dunn               Olli Maatta                                       45     1   2  2  

Penalty Kill 4 Players Forward 
   Center                   Wing                     Time % Phy DF OF 
 1 Oskar Sundqvist          Alexander Wennberg       55     1   2  2  
 2 Jordan Eberle            Anders Lee               45     1   2  2  

Penalty Kill 4 Players Defense
   Defense                  Defense                  Time % Phy DF OF 
 1 Travis Dermott           Mattias Ekholm           55     1   2  2  
 2 Vince Dunn               Olli Maatta              45     1   2  2  

Penalty Kill - 3 Players Forward 
   Forward                                           Time % Phy DF OF 
 1 Jordan Eberle                                     55     1   2  2  
 2 Anders Lee                                        45     1   2  2  

Penalty Kill - 3 Players Defense
   Defense                  Defense                  Time % Phy DF OF 
 1 Travis Dermott           Justin Faulk             55     1   2  2  
 2 Vince Dunn               Olli Maatta              45     1   2  2  

4 vs 4 Forward 
   Center                   Wing                     Time % Phy DF OF 
 1 Alexander Wennberg       Oskar Sundqvist          55     1   2  2  
 2 Jordan Eberle            Anders Lee               45     1   2  2  

4 vs 4 Defense
   Defense                  Defense                  Time % Phy DF OF 
 1 Justin Faulk             Travis Dermott           55     1   2  2  
 2 Vince Dunn               Olli Maatta              45     1   2  2  

Last Minutes Offensive
   Center                   Left Wing                Right Wing               Defense                  Defense                  
   Lars Eller               Anders Lee               T.J. Oshie               Justin Faulk             Mattias Ekholm           

Last Minutes Defensive
   Center                   Left Wing                Right Wing               Defense                  Defense                  
   Lars Eller               Anders Lee               T.J. Oshie               Justin Faulk             Mattias Ekholm           

Goaltenders
Starting : Ville Husso              
Backup : Laurent Brossoit         

Extra Forwards
Normal : Oskar Sundqvist, Colin White, Darren Helm - PP : Oskar Sundqvist, Colin White - PK : Darren Helm
Extra Defensemen
Normal : Olli Maatta, Travis Dermott, Vince Dunn - PP : Vince Dunn - PK : Travis Dermott, Vince Dunn
Penalty Shots
T.J. Oshie, Darren Helm, Jordan Eberle, Anders Lee, Alexander Wennberg
Custom OT Lines Forwards
T.J. Oshie, Lars Eller, Jordan Eberle, Anders Lee, Alexander Wennberg, Mike Hoffman, Oskar Sundqvist, Colin White, Darren Helm, Eric Robinson
Custom OT Lines Defensemen
Travis Dermott, Mattias Ekholm, Vince Dunn, Olli Maatta, Justin Faulk

Scratches
Kevin Labanc (Healthy), Carter Hutton (Healthy)

% Time on Ice - ANAHEIM OUTLAWS

Lines # - Real PCT - Wanted PCT - Time Play
Normal Forward
1 - 34% - 36% - 14:49
2 - 28% - 31% - 12:16
3 - 27% - 23% - 11:58
4 - 11% - 10% - 4:58
Normal Defense
1 - 37% - 36% - 16:07
2 - 33% - 31% - 14:30
3 - 26% - 23% - 11:33
4 - 4% - 10% - 1:51
PP Forward
1 - 51% - 55% - 4:12
2 - 49% - 45% - 4:06
PP Defense
1 - 50% - 55% - 4:09
2 - 50% - 45% - 4:09
PK Forward
1 - 61% - 55% - 4:43
2 - 39% - 45% - 2:58
PK Defense
1 - 53% - 55% - 4:06
2 - 47% - 45% - 3:35
PK3 Forward
1 - 0% - 55%
2 - 0% - 45%
PK3 Defense
1 - 0% - 55%
2 - 0% - 45%
44 Forward
1 - 0% - 55%
2 - 0% - 45%
44 Defense
1 - 0% - 55%
2 - 0% - 45%
Last Minute Offensive  - 0:00
Last Minute Defensive  - 0:00
Total
Forward - 60:00
Defense - 60:00

% Time on Ice - OKANAGAN RATTLESNAKES

Lines # - Real PCT - Wanted PCT - Time Play
Normal Forward
1 - 32% - 36% - 13:57
2 - 32% - 31% - 13:54
3 - 19% - 23% - 8:22
4 - 18% - 10% - 7:48
Normal Defense
1 - 39% - 36% - 17:13
2 - 30% - 31% - 13:25
3 - 24% - 23% - 10:41
4 - 6% - 10% - 2:42
PP Forward
1 - 61% - 55% - 4:42
2 - 39% - 45% - 2:59
PP Defense
1 - 44% - 55% - 3:23
2 - 56% - 45% - 4:18
PK Forward
1 - 65% - 55% - 5:01
2 - 35% - 45% - 2:40
PK Defense
1 - 60% - 55% - 4:38
2 - 40% - 45% - 3:03
PK3 Forward
1 - 65% - 55% - 0:24
2 - 35% - 45% - 0:13
PK3 Defense
1 - 65% - 55% - 0:24
2 - 35% - 45% - 0:13
44 Forward
1 - 0% - 55%
2 - 0% - 45%
44 Defense
1 - 0% - 55%
2 - 0% - 45%
Last Minute Offensive  - 0:00
Last Minute Defensive  - 0:00
Total
Forward - 60:00
Defense - 60:00

Play-by-Play

1st period


0:01 of 1st period - Lars Eller wins face-off versus Evgeny Kuznetsov in neutral zone.
0:14 of 1st period - Shot by T.J. Oshie.
0:14 of 1st period - Shot Misses the Net.
0:32 of 1st period - Shot by Evgeny Kuznetsov.
0:32 of 1st period - Shot Misses the Net.
0:34 of 1st period - Shot by Kevin Fiala.
0:34 of 1st period - Deflect By Evgeny Kuznetsov.
0:34 of 1st period - Goal by Evgeny Kuznetsov - ANAHEIM OUTLAWS : 1 - OKANAGAN RATTLESNAKES : 0.
0:35 of 1st period - Alexander Wennberg wins face-off versus Sam Bennett in neutral zone.
0:39 of 1st period - Alexander Wennberg is hit by Noah Hanifin and loses puck.
0:42 of 1st period - Shot by Alexander Wennberg.
0:42 of 1st period - Shot Misses the Net.
0:47 of 1st period - Mike Hoffman is hit by Henri Jokiharju and loses puck.
1:35 of 1st period - Jordan Eberle is hit by Dylan Coghlan and loses puck.
1:48 of 1st period - Shot by Pierre Engvall.
1:48 of 1st period - Shot Blocked by Colin White.
2:29 of 1st period - T.J. Oshie is hit by Dylan Coghlan and loses puck.
2:36 of 1st period - Shot by T.J. Oshie.
2:36 of 1st period - Stopped by Robin Lehner with a rebound.
3:03 of 1st period - Lars Eller is hit by Dylan Coghlan and loses puck.
3:22 of 1st period - Icing by Eric Robinson.
3:23 of 1st period - Evgeny Kuznetsov wins face-off versus Luke Kunin in OKANAGAN RATTLESNAKES zone.
5:04 of 1st period - Shot by Sam Bennett.
5:04 of 1st period - Stopped by Ville Husso without a rebound.
5:05 of 1st period - Lars Eller wins face-off versus Michael Rasmussen in OKANAGAN RATTLESNAKES zone.
5:13 of 1st period - Icing by Noah Hanifin.
5:14 of 1st period - Lars Eller wins face-off versus Michael Rasmussen in ANAHEIM OUTLAWS zone.
5:19 of 1st period - Shot by Lars Eller.
5:19 of 1st period - Shot Misses the Net.
5:21 of 1st period - Shot by Justin Faulk.
5:21 of 1st period - Stopped by Robin Lehner without a rebound.
5:22 of 1st period - Sam Bennett wins face-off versus Alexander Wennberg in ANAHEIM OUTLAWS zone.
5:46 of 1st period - Shot by Alexander Wennberg.
5:46 of 1st period - Stopped by Robin Lehner with a rebound.
5:53 of 1st period - Minor Penalty to Jordan Eberle for Hooking.
5:54 of 1st period - Oskar Sundqvist wins face-off versus Evgeny Kuznetsov in OKANAGAN RATTLESNAKES zone.
6:17 of 1st period - Shot by Adrian Kempe.
6:17 of 1st period - Goal by Adrian Kempe - ANAHEIM OUTLAWS : 2 - OKANAGAN RATTLESNAKES : 0.
6:18 of 1st period - Lars Eller wins face-off versus Pius Suter in neutral zone.
6:43 of 1st period - Shot by Pierre Engvall.
6:43 of 1st period - Shot Misses the Net.
6:48 of 1st period - Icing by Justin Faulk.
6:49 of 1st period - Evgeny Kuznetsov wins face-off versus Lars Eller in OKANAGAN RATTLESNAKES zone.
7:16 of 1st period - Shot by Kevin Fiala.
7:16 of 1st period - Stopped by Ville Husso without a rebound.
7:16 of 1st period - Minor Penalty to Ville Husso for Slashing.
7:17 of 1st period - Oskar Sundqvist wins face-off versus Sam Bennett in OKANAGAN RATTLESNAKES zone.
7:32 of 1st period - Shot by Jeff Skinner.
7:32 of 1st period - Shot Misses the Net.
7:34 of 1st period - Shot by Jeff Skinner.
7:34 of 1st period - Shot Misses the Net.
7:36 of 1st period - Shot by Michael Bunting.
7:36 of 1st period - Stopped by Ville Husso with a rebound.
7:38 of 1st period - Shot by Noah Hanifin.
7:38 of 1st period - Shot Misses the Net.
7:40 of 1st period - Shot by Michael Bunting.
7:40 of 1st period - Shot Misses the Net.
7:42 of 1st period - Shot by Michael Bunting.
7:42 of 1st period - Stopped by Ville Husso without a rebound.
7:43 of 1st period - Evgeny Kuznetsov wins face-off versus Jordan Eberle in OKANAGAN RATTLESNAKES zone.
8:03 of 1st period - Shot by Evgeny Kuznetsov.
8:03 of 1st period - Stopped by Ville Husso with a rebound.
8:13 of 1st period - Shot by Adrian Kempe.
8:13 of 1st period - Stopped by Ville Husso without a rebound.
8:14 of 1st period - Jeff Skinner wins face-off versus Oskar Sundqvist in OKANAGAN RATTLESNAKES zone.
8:33 of 1st period - Icing by Sam Bennett.
8:34 of 1st period - Oskar Sundqvist wins face-off versus Sam Bennett in ANAHEIM OUTLAWS zone.
8:35 of 1st period - Shot by Alexander Wennberg.
8:35 of 1st period - Stopped by Robin Lehner without a rebound.
8:36 of 1st period - Michael Rasmussen wins face-off versus Oskar Sundqvist in ANAHEIM OUTLAWS zone.
8:38 of 1st period - Minor Penalty to Oskar Sundqvist for Slashing.
8:39 of 1st period - Evgeny Kuznetsov wins face-off versus Jordan Eberle in OKANAGAN RATTLESNAKES zone.
8:42 of 1st period - Shot by Morgan Rielly.
8:42 of 1st period - Stopped by Ville Husso with a rebound.
8:44 of 1st period - Shot by Morgan Rielly.
8:44 of 1st period - Shot Misses the Net.
9:22 of 1st period - Shot by Morgan Rielly.
9:22 of 1st period - Shot Blocked by Olli Maatta.
10:45 of 1st period - Shot by Pius Suter.
10:45 of 1st period - Stopped by Ville Husso without a rebound.
10:46 of 1st period - Luke Kunin wins face-off versus Pius Suter in OKANAGAN RATTLESNAKES zone.
11:17 of 1st period - Icing by Justin Faulk.
11:18 of 1st period - Luke Kunin wins face-off versus Evgeny Kuznetsov in OKANAGAN RATTLESNAKES zone.
11:20 of 1st period - Icing by Eric Robinson.
11:21 of 1st period - Evgeny Kuznetsov wins face-off versus Luke Kunin in OKANAGAN RATTLESNAKES zone.
11:25 of 1st period - Adrian Kempe is hit by Vince Dunn and loses puck.
11:48 of 1st period - Shot by Kevin Fiala.
11:48 of 1st period - Stopped by Ville Husso without a rebound.
11:49 of 1st period - Sam Bennett wins face-off versus Mike Hoffman in OKANAGAN RATTLESNAKES zone.
11:53 of 1st period - Minor Penalty to Travis Dermott for Slashing.
11:54 of 1st period - Sam Bennett wins face-off versus Oskar Sundqvist in OKANAGAN RATTLESNAKES zone.
12:05 of 1st period - Shot by Jeff Skinner.
12:05 of 1st period - Shot Misses the Net.
12:11 of 1st period - Shot by Jeff Skinner.
12:11 of 1st period - Deflect By Michael Bunting.
12:11 of 1st period - Stopped by Ville Husso without a rebound.
12:12 of 1st period - Evgeny Kuznetsov wins face-off versus Jordan Eberle in OKANAGAN RATTLESNAKES zone.
12:29 of 1st period - Shot by Adrian Kempe.
12:29 of 1st period - Stopped by Ville Husso with a rebound.
12:31 of 1st period - Shot by Noah Hanifin.
12:31 of 1st period - Shot Misses the Net.
13:31 of 1st period - Shot by Michael Bunting.
13:31 of 1st period - Goal by Michael Bunting - ANAHEIM OUTLAWS : 3 - OKANAGAN RATTLESNAKES : 0.
13:32 of 1st period - Pius Suter wins face-off versus Luke Kunin in neutral zone.
13:32 of 1st period - Pius Suter is hit by Luke Kunin.
14:04 of 1st period - Shot by Pius Suter.
14:04 of 1st period - Deflect By Jack Quinn.
14:04 of 1st period - Shot Misses the Net.
14:06 of 1st period - Shot by Pierre Engvall.
14:06 of 1st period - Shot Misses the Net.
14:27 of 1st period - Icing by Haydn Fleury.
14:28 of 1st period - Alexander Wennberg wins face-off versus Pius Suter in ANAHEIM OUTLAWS zone.
15:48 of 1st period - Minor Penalty to Henri Jokiharju for Hooking.
15:49 of 1st period - Oskar Sundqvist wins face-off versus Evgeny Kuznetsov in ANAHEIM OUTLAWS zone.
16:01 of 1st period - Icing by Vince Dunn.
16:02 of 1st period - Evgeny Kuznetsov wins face-off versus T.J. Oshie in OKANAGAN RATTLESNAKES zone.
16:08 of 1st period - Icing by Vince Dunn.
16:09 of 1st period - Evgeny Kuznetsov wins face-off versus T.J. Oshie in OKANAGAN RATTLESNAKES zone.
16:28 of 1st period - Shot by Oskar Sundqvist.
16:28 of 1st period - Stopped by Robin Lehner without a rebound.
16:29 of 1st period - Evgeny Kuznetsov wins face-off versus Alexander Wennberg in ANAHEIM OUTLAWS zone.
17:14 of 1st period - Shot by Mike Hoffman.
17:14 of 1st period - Stopped by Robin Lehner without a rebound.
17:15 of 1st period - T.J. Oshie wins face-off versus Evgeny Kuznetsov in ANAHEIM OUTLAWS zone.
17:32 of 1st period - Shot by Oskar Sundqvist.
17:32 of 1st period - Goal by Oskar Sundqvist - ANAHEIM OUTLAWS : 3 - OKANAGAN RATTLESNAKES : 1.
17:33 of 1st period - Michael Rasmussen wins face-off versus Luke Kunin in neutral zone.
17:39 of 1st period - Michael Rasmussen is hit by Justin Faulk and loses puck.
17:43 of 1st period - Minor Penalty to Mattias Ekholm for Hooking.
17:44 of 1st period - Sam Bennett wins face-off versus Oskar Sundqvist in OKANAGAN RATTLESNAKES zone.
18:54 of 1st period - Shot by Henri Jokiharju.
18:54 of 1st period - Shot Misses the Net.
18:56 of 1st period - Shot by Adrian Kempe.
18:56 of 1st period - Stopped by Ville Husso with a rebound.
19:01 of 1st period - Shot by Adrian Kempe.
19:01 of 1st period - Shot Misses the Net.
19:03 of 1st period - Shot by Noah Hanifin.
19:03 of 1st period - Shot Blocked by Justin Faulk.
19:05 of 1st period - Shot by Henri Jokiharju.
19:05 of 1st period - Shot Misses the Net.
19:07 of 1st period - Shot by Adrian Kempe.
19:07 of 1st period - Shot Misses the Net.
Goals for this period are 3 for ANAHEIM OUTLAWS vs 1 for OKANAGAN RATTLESNAKES.
Shots for this period are 15 for ANAHEIM OUTLAWS vs 7 for OKANAGAN RATTLESNAKES.

2nd period


0:01 of 2nd period - Sam Bennett wins face-off versus Lars Eller in neutral zone.
0:12 of 2nd period - Shot by Sam Bennett.
0:12 of 2nd period - Shot Misses the Net.
0:57 of 2nd period - Lars Eller is hit by Haydn Fleury and loses puck.
1:28 of 2nd period - Jordan Eberle is hit by Morgan Rielly and loses puck.
1:31 of 2nd period - Shot by Alexander Wennberg.
1:31 of 2nd period - Shot Misses the Net.
2:42 of 2nd period - Minor Penalty to Thomas Hickey for Hooking.
2:43 of 2nd period - Evgeny Kuznetsov wins face-off versus T.J. Oshie in ANAHEIM OUTLAWS zone.
3:31 of 2nd period - Icing by Vince Dunn.
3:32 of 2nd period - Evgeny Kuznetsov wins face-off versus T.J. Oshie in OKANAGAN RATTLESNAKES zone.
3:52 of 2nd period - Icing by T.J. Oshie.
3:53 of 2nd period - Evgeny Kuznetsov wins face-off versus Anders Lee in OKANAGAN RATTLESNAKES zone.
4:27 of 2nd period - Icing by T.J. Oshie.
4:28 of 2nd period - T.J. Oshie wins face-off versus Evgeny Kuznetsov in OKANAGAN RATTLESNAKES zone.
4:50 of 2nd period - Icing by Morgan Rielly.
4:51 of 2nd period - Alexander Wennberg wins face-off versus Kent Johnson in ANAHEIM OUTLAWS zone.
4:58 of 2nd period - Shot by Alexander Wennberg.
4:58 of 2nd period - Stopped by Robin Lehner without a rebound.
4:59 of 2nd period - Alexander Wennberg wins face-off versus Sam Bennett in ANAHEIM OUTLAWS zone.
5:32 of 2nd period - Icing by Justin Faulk.
5:33 of 2nd period - Evgeny Kuznetsov wins face-off versus Alexander Wennberg in OKANAGAN RATTLESNAKES zone.
5:38 of 2nd period - Shot by Evgeny Kuznetsov.
5:38 of 2nd period - Stopped by Ville Husso without a rebound.
5:39 of 2nd period - Luke Kunin wins face-off versus Evgeny Kuznetsov in OKANAGAN RATTLESNAKES zone.
5:39 of 2nd period - Luke Kunin is hit by Adrian Kempe.
5:48 of 2nd period - Icing by Morgan Rielly.
5:49 of 2nd period - Alexander Wennberg wins face-off versus Evgeny Kuznetsov in ANAHEIM OUTLAWS zone.
5:49 of 2nd period - Justin Faulk is hit by Haydn Fleury and loses puck.
6:34 of 2nd period - Alexander Wennberg is hit by Haydn Fleury and loses puck.
6:50 of 2nd period - Icing by Travis Dermott.
6:51 of 2nd period - Lars Eller wins face-off versus Sam Bennett in OKANAGAN RATTLESNAKES zone.
6:58 of 2nd period - Shot by Lars Eller.
6:58 of 2nd period - Shot Blocked by Sam Bennett.
7:01 of 2nd period - Icing by Michael Bunting.
7:02 of 2nd period - Sam Bennett wins face-off versus Oskar Sundqvist in ANAHEIM OUTLAWS zone.
7:04 of 2nd period - Icing by Michael Bunting.
7:05 of 2nd period - Lars Eller wins face-off versus Sam Bennett in ANAHEIM OUTLAWS zone.
7:05 of 2nd period - T.J. Oshie is hit by Noah Hanifin and loses puck.
7:15 of 2nd period - Shot by Sam Bennett.
7:15 of 2nd period - Shot Blocked by T.J. Oshie.
7:17 of 2nd period - Shot by Sam Bennett.
7:17 of 2nd period - Shot Misses the Net.
7:40 of 2nd period - Shot by Sam Bennett.
7:40 of 2nd period - Deflect By Jeff Skinner.
7:40 of 2nd period - Stopped by Ville Husso without a rebound.
7:41 of 2nd period - Evgeny Kuznetsov wins face-off versus Oskar Sundqvist in OKANAGAN RATTLESNAKES zone.
7:42 of 2nd period - Shot by Kevin Fiala.
7:42 of 2nd period - Stopped by Ville Husso without a rebound.
7:43 of 2nd period - Oskar Sundqvist wins face-off versus Evgeny Kuznetsov in OKANAGAN RATTLESNAKES zone.
7:43 of 2nd period - Oskar Sundqvist is hit by Adrian Kempe.
9:35 of 2nd period - Michael Bunting is hit by Vince Dunn and loses puck.
9:52 of 2nd period - Anders Lee is hit by Pius Suter and loses puck.
10:20 of 2nd period - Shot by Pierre Engvall.
10:20 of 2nd period - Shot Misses the Net.
10:22 of 2nd period - Shot by Haydn Fleury.
10:22 of 2nd period - Shot Blocked by Markus Nutivaara.
10:42 of 2nd period - Shot by Jordan Eberle.
10:42 of 2nd period - Stopped by Robin Lehner with a rebound.
12:05 of 2nd period - Shot by Sam Bennett.
12:05 of 2nd period - Shot Misses the Net.
12:23 of 2nd period - Shot by Jeff Skinner.
12:23 of 2nd period - Shot Blocked by Vince Dunn.
12:42 of 2nd period - Minor Penalty to Morgan Rielly for Holding.
12:43 of 2nd period - Alexander Wennberg wins face-off versus Evgeny Kuznetsov in ANAHEIM OUTLAWS zone.
13:22 of 2nd period - Shot by Alexander Wennberg.
13:22 of 2nd period - Stopped by Robin Lehner without a rebound.
13:23 of 2nd period - Evgeny Kuznetsov wins face-off versus T.J. Oshie in ANAHEIM OUTLAWS zone.
13:45 of 2nd period - Shot by Oskar Sundqvist.
13:45 of 2nd period - Shot Blocked by Jeff Skinner.
13:47 of 2nd period - Shot by Justin Faulk.
13:47 of 2nd period - Stopped by Robin Lehner with a rebound.
14:44 of 2nd period - Shot by Luke Kunin.
14:44 of 2nd period - Shot Misses the Net.
14:52 of 2nd period - Shot by Eric Robinson.
14:52 of 2nd period - Stopped by Robin Lehner without a rebound.
14:53 of 2nd period - Luke Kunin wins face-off versus Michael Rasmussen in ANAHEIM OUTLAWS zone.
15:07 of 2nd period - Icing by Justin Faulk.
15:08 of 2nd period - Adrian Kempe wins face-off versus Luke Kunin in OKANAGAN RATTLESNAKES zone.
15:44 of 2nd period - Shot by Kevin Fiala.
15:44 of 2nd period - Shot Misses the Net.
16:10 of 2nd period - Minor Penalty to Michael Bunting for High sticking.
16:11 of 2nd period - T.J. Oshie wins face-off versus Evgeny Kuznetsov in ANAHEIM OUTLAWS zone.
16:48 of 2nd period - Sam Bennett is hit by Anders Lee and loses puck.
17:04 of 2nd period - Off-side.
17:05 of 2nd period - Evgeny Kuznetsov wins face-off versus Alexander Wennberg in neutral zone.
17:36 of 2nd period - Shot by Jordan Eberle.
17:36 of 2nd period - Shot Misses the Net.
18:54 of 2nd period - Lars Eller is hit by Zack MacEwen and loses puck.
Goals for this period are 0 for ANAHEIM OUTLAWS vs 0 for OKANAGAN RATTLESNAKES.
Shots for this period are 3 for ANAHEIM OUTLAWS vs 5 for OKANAGAN RATTLESNAKES.

3rd period


0:01 of 3rd period - Lars Eller wins face-off versus Evgeny Kuznetsov in neutral zone.
0:08 of 3rd period - Shot by Kevin Fiala.
0:08 of 3rd period - Shot Misses the Net.
0:22 of 3rd period - Shot by Lars Eller.
0:22 of 3rd period - Stopped by Robin Lehner without a rebound.
0:23 of 3rd period - Alexander Wennberg wins face-off versus Sam Bennett in ANAHEIM OUTLAWS zone.
0:48 of 3rd period - Shot by Jeff Skinner.
0:48 of 3rd period - Shot Misses the Net.
0:50 of 3rd period - Shot by Sam Bennett.
0:50 of 3rd period - Shot Misses the Net.
0:58 of 3rd period - Shot by Sam Bennett.
0:58 of 3rd period - Stopped by Ville Husso without a rebound.
0:59 of 3rd period - Lars Eller wins face-off versus Evgeny Kuznetsov in OKANAGAN RATTLESNAKES zone.
0:59 of 3rd period - Lars Eller is hit by Adrian Kempe.
1:05 of 3rd period - Haydn Fleury is hit by Anders Lee and loses puck.
1:14 of 3rd period - Shot by Anders Lee.
1:14 of 3rd period - Stopped by Robin Lehner without a rebound.
1:15 of 3rd period - Oskar Sundqvist wins face-off versus Pius Suter in ANAHEIM OUTLAWS zone.
2:18 of 3rd period - Shot by Evgeny Kuznetsov.
2:18 of 3rd period - Stopped by Ville Husso with a rebound.
2:37 of 3rd period - Kevin Fiala is hit by Olli Maatta and loses puck.
3:20 of 3rd period - Shot by Jeff Skinner.
3:20 of 3rd period - Stopped by Ville Husso with a rebound.
3:22 of 3rd period - Shot by Michael Bunting.
3:22 of 3rd period - Shot Misses the Net.
3:59 of 3rd period - Icing by Mike Hoffman.
4:00 of 3rd period - Pius Suter wins face-off versus Alexander Wennberg in OKANAGAN RATTLESNAKES zone.
4:00 of 3rd period - Morgan Rielly is hit by Markus Nutivaara and loses puck.
4:32 of 3rd period - Pius Suter is hit by Mattias Ekholm and loses puck.
5:13 of 3rd period - Minor Penalty to Ryan Reaves for Holding.
5:14 of 3rd period - Oskar Sundqvist wins face-off versus Sam Bennett in OKANAGAN RATTLESNAKES zone.
5:41 of 3rd period - Shot by Sam Bennett.
5:41 of 3rd period - Stopped by Ville Husso without a rebound.
5:42 of 3rd period - Evgeny Kuznetsov wins face-off versus Jordan Eberle in OKANAGAN RATTLESNAKES zone.
5:47 of 3rd period - Shot by Morgan Rielly.
5:47 of 3rd period - Stopped by Ville Husso without a rebound.
5:48 of 3rd period - Evgeny Kuznetsov wins face-off versus Oskar Sundqvist in OKANAGAN RATTLESNAKES zone.
5:51 of 3rd period - Shot by Adrian Kempe.
5:51 of 3rd period - Shot Blocked by Oskar Sundqvist.
6:07 of 3rd period - Shot by Morgan Rielly.
6:07 of 3rd period - Shot Misses the Net.
6:09 of 3rd period - Shot by Adrian Kempe.
6:09 of 3rd period - Goal by Adrian Kempe - ANAHEIM OUTLAWS : 4 - OKANAGAN RATTLESNAKES : 1.
6:09 of 3rd period - Laurent Brossoit enters game.
6:10 of 3rd period - Lars Eller wins face-off versus Sam Bennett in neutral zone.
6:20 of 3rd period - Icing by Noah Hanifin.
6:21 of 3rd period - Sam Bennett wins face-off versus Lars Eller in ANAHEIM OUTLAWS zone.
6:42 of 3rd period - Shot by Sam Bennett.
6:42 of 3rd period - Stopped by Laurent Brossoit with a rebound.
7:01 of 3rd period - Shot by Sam Bennett.
7:01 of 3rd period - Shot Misses the Net.
8:11 of 3rd period - Icing by Vince Dunn.
8:12 of 3rd period - Pius Suter wins face-off versus Alexander Wennberg in OKANAGAN RATTLESNAKES zone.
8:38 of 3rd period - Icing by Alexander Wennberg.
8:39 of 3rd period - Alexander Wennberg wins face-off versus Michael Rasmussen in OKANAGAN RATTLESNAKES zone.
8:39 of 3rd period - Alexander Wennberg is hit by Zack MacEwen.
9:36 of 3rd period - Off-side.
9:37 of 3rd period - Evgeny Kuznetsov wins face-off versus Lars Eller in neutral zone.
9:40 of 3rd period - Shot by Evgeny Kuznetsov.
9:40 of 3rd period - Stopped by Laurent Brossoit without a rebound.
9:41 of 3rd period - Lars Eller wins face-off versus Evgeny Kuznetsov in OKANAGAN RATTLESNAKES zone.
9:41 of 3rd period - Lars Eller is hit by Adrian Kempe.
9:53 of 3rd period - Shot by T.J. Oshie.
9:53 of 3rd period - Stopped by Robin Lehner without a rebound.
9:54 of 3rd period - Alexander Wennberg wins face-off versus Sam Bennett in ANAHEIM OUTLAWS zone.
10:41 of 3rd period - Off-side.
10:42 of 3rd period - Evgeny Kuznetsov wins face-off versus Lars Eller in neutral zone.
10:49 of 3rd period - Shot by Morgan Rielly.
10:49 of 3rd period - Shot Blocked by Mattias Ekholm.
11:10 of 3rd period - Lars Eller is hit by Noah Hanifin and loses puck.
11:17 of 3rd period - Shot by Kevin Fiala.
11:17 of 3rd period - Shot Blocked by Mattias Ekholm.
11:19 of 3rd period - Shot by Noah Hanifin.
11:19 of 3rd period - Stopped by Laurent Brossoit with a rebound.
12:54 of 3rd period - Jeff Skinner is hit by Olli Maatta and loses puck.
14:32 of 3rd period - T.J. Oshie is hit by Haydn Fleury.
14:50 of 3rd period - Off-side.
14:51 of 3rd period - Oskar Sundqvist wins face-off versus Sam Bennett in neutral zone.
15:06 of 3rd period - Shot by Colin White.
15:06 of 3rd period - Stopped by Robin Lehner with a rebound.
15:08 of 3rd period - Shot by Justin Faulk.
15:08 of 3rd period - Shot Misses the Net.
15:12 of 3rd period - Shot by Darren Helm.
15:12 of 3rd period - Shot Misses the Net.
15:14 of 3rd period - Shot by Oskar Sundqvist.
15:14 of 3rd period - Stopped by Robin Lehner with a rebound.
15:41 of 3rd period - Icing by Olli Maatta.
15:42 of 3rd period - Alexander Wennberg wins face-off versus Evgeny Kuznetsov in OKANAGAN RATTLESNAKES zone.
15:42 of 3rd period - Alexander Wennberg is hit by Kevin Fiala.
16:22 of 3rd period - Shot by Kevin Fiala.
16:22 of 3rd period - Shot Misses the Net.
16:37 of 3rd period - Off-side.
16:38 of 3rd period - Lars Eller wins face-off versus Pius Suter in neutral zone.
16:46 of 3rd period - Icing by Haydn Fleury.
16:47 of 3rd period - Lars Eller wins face-off versus Pius Suter in ANAHEIM OUTLAWS zone.
16:52 of 3rd period - Shot by Lars Eller.
16:52 of 3rd period - Deflect By T.J. Oshie.
16:52 of 3rd period - Stopped by Robin Lehner with a rebound.
17:33 of 3rd period - Icing by Mattias Ekholm.
17:34 of 3rd period - Evgeny Kuznetsov wins face-off versus Lars Eller in OKANAGAN RATTLESNAKES zone.
17:59 of 3rd period - Shot by Evgeny Kuznetsov.
17:59 of 3rd period - Stopped by Laurent Brossoit with a rebound.
19:57 of 3rd period - Pierre Engvall is hit by Mattias Ekholm and loses puck.
Goals for this period are 1 for ANAHEIM OUTLAWS vs 0 for OKANAGAN RATTLESNAKES.
Shots for this period are 10 for ANAHEIM OUTLAWS vs 6 for OKANAGAN RATTLESNAKES.


SEBASTIAN
AHO
MARK
SCHEIFELE
JAKE
OETTINGER

EAST COAST

HOCKEY LEAGUE

  • 17.QUE3CHI2
  • 18.CHA2LIM4
  • 19.TRV3LON2
  • 20.CHW1BAL2
  • 21.PITMAN
  • 22.ATLNHW
  • 23.WORPET
  • 24.RHI